[Event "Titled Tuesday Blitz April 19 Early 2022"]
[White "Jaracz, Pawel"]
[Black "Orlov, Georgi"]
[WhiteFideId "1102222"]
[BlackFideId "2011271"]
[WhiteElo "2429"]
[BlackElo "2539"]
[Result "1-0"]
[Round "07"]
[TimeControl "180+1"]
[Date "2022.04.19"]
[WhiteClock "0:00:16"]
[BlackClock "0:00:01"]

1. e4 d6 2. f4 Nf6 3. Nc3 c5 4. Nf3 Nc6 5. Bb5 Bd7 6. d3 a6 7. Bxc6 Bxc6 8. O-O e5 9. Kh1 exf4 10. Bxf4 Be7 11. Nh4 g6 12. Nf3 O-O 13. Bh6 Re8 14. Ng5 Bf8 15. Bxf8 Rxf8 16. Qf3 h6 17. Nh3 Kg7 18. Nf4 Qe7 19. Rf2 Qe5 20. Raf1 b5 21. Qg3 b4 22. Nd1 g5 23. Ne2 Nd7 24. Ne3 Kg8 25. Nf5 Kh7 26. Nxd6 f6 27. Nc4 Qe6 28. b3 a5 29. Ne3 Ne5 30. Nf5 Be8 31. Nf4 Qg8 32. Nd5 Ra6 33. Nfe7 Qe6 34. Rxf6 Rxf6 35. Rxf6 Qxf6 36. Nxf6+ Rxf6 37. Nf5 Ng6 38. Qc7+ Bf7 39. Qxc5 a4 40. Qxb4 axb3 41. axb3 Nf4 42. Qd4 Kg6 43. h3 h5 44. Ne7+ Kg7 45. Nf5+ Kg6 46. Kh2 h4 47. Qe5 Be6 48. Ne7+ Kf7 49. Nd5 Bxd5 50. exd5 Kg6 51. d6 Re6 52. Qc5 Re2 53. Qc6 Nh5 54. d7+ 1-0


[Site "https://www.chess.com"]

[Event "Titled Tuesday Blitz April 19 Early 2022"]
[White "Jarocka, Liwia"]
[Black "Nguyen, Hong Anh"]
[WhiteFideId "21807558"]
[BlackFideId "12406732"]
[WhiteElo "1896"]
[BlackElo "2016"]
[Result "1-0"]
[Round "07"]
[TimeControl "180+1"]
[Date "2022.04.19"]
[WhiteClock "0:01:22"]
[BlackClock "0:00:47"]

1. d4 Nf6 2. Nf3 g6 3. c4 Bg7 4. Nc3 d5 5. cxd5 Nxd5 6. e4 Nxc3 7. bxc3 c5 8. Bb5+ Bd7 9. Bxd7+ Qxd7 10. O-O O-O 11. Rb1 Nc6 12. d5 Ne5 13. Nxe5 Bxe5 14. c4 e6 15. Be3 exd5 16. cxd5 b6 17. Qc2 Rac8 18. Rfd1 Qd6 19. g3 Bg7 20. f4 c4 21. e5 Qa3 22. Bf2 Rfd8 23. d6 Qf3 24. Rd4 Qc6 25. a4 a6 26. Rdd1 b5 27. Rdc1 h5 28. Qb2 Rxd6 29. axb5 axb5 30. Qxb5 Rd2 31. Qxc6 Rxc6 32. Rc3 Ra2 33. Rb4 Rd2 34. Rbxc4 Ra6 35. Rc2 Ra1+ 36. Kg2 Rdd1 37. Rc8+ Kh7 38. R8c7 Kg8 39. h4 Bf8 40. Rc8 Kg7 41. Rb8 Ba3 42. Rcc8 Rd2 43. Rg8+ Kh6 44. Rh8+ Kg7 45. Rbg8# 1-0


[Site "https://www.chess.com"]

[Event "Titled Tuesday Blitz April 19 Early 2022"]
[White "Kaasen, Tor Fredrik"]
[Black "Dixit, Nikhil"]
[WhiteFideId "1516647"]
[BlackFideId "5059534"]
[WhiteElo "2335"]
[BlackElo "2223"]
[Result "1-0"]
[Round "07"]
[TimeControl "180+1"]
[Date "2022.04.19"]
[WhiteClock "0:01:29"]
[BlackClock "0:00:08"]

1. d4 Nf6 2. c4 g6 3. g3 Bg7 4. Bg2 O-O 5. Nc3 d6 6. Nf3 Nbd7 7. O-O e5 8. e4 exd4 9. Nxd4 Re8 10. h3 Nc5 11. Re1 Bd7 12. Bf4 Qc8 13. Kh2 h6 14. Qc2 Ng4+ 15. hxg4 Bxd4 16. Rad1 Bg7 17. f3 Ne6 18. Be3 a6 19. Nd5 Rb8 20. Qd2 Kh7 21. Rh1 b5 22. Kg1 g5 23. Bxg5 Nxg5 24. Qxg5 Qd8 25. Rxh6+ Bxh6 26. Nf6+ Qxf6 27. Qxf6 Be6 28. f4 Bg7 29. Qh4+ Kg8 30. f5 Bxc4 31. f6 Bh8 32. Qg5+ Kh7 33. Kf2 1-0


[Site "https://www.chess.com"]

[Event "Titled Tuesday Blitz April 19 Early 2022"]
[White "Kadam, Om Manish"]
[Black "Belenkaya, Dina"]
[WhiteFideId "45076294"]
[BlackFideId "24142654"]
[WhiteElo "1729"]
[BlackElo "2196"]
[Result "1-0"]
[Round "07"]
[TimeControl "180+1"]
[Date "2022.04.19"]
[WhiteClock "0:00:38"]
[BlackClock "0:00:42"]

1. e4 c6 2. c4 d5 3. exd5 cxd5 4. cxd5 Nf6 5. Nc3 g6 6. Nf3 Bg7 7. Qb3 O-O 8. Bc4 Nbd7 9. O-O b6 10. d3 Bb7 11. Be3 a6 12. a4 Rb8 13. h3 Nc5 14. Qa2 a5 15. Rfe1 Ne8 16. Bf4 Nd6 17. Nb5 Re8 18. Rxe7 Rxe7 19. Bxd6 Re2 20. Bc7 Qc8 21. Bxb8 Qxb8 22. d4 Rc2 23. dxc5 Qf4 24. Bf1 Rxb2 25. Qa3 Bxd5 26. Rd1 Rb3 27. Qc1 Qxa4 28. Rxd5 Rxb5 29. Bxb5 Qxb5 30. c6 1-0


[Site "https://www.chess.com"]

[Event "Titled Tuesday Blitz April 19 Early 2022"]
[White "Kahlert, Thomas"]
[Black "Nozdrachev, Leonid"]
[WhiteFideId "4625242"]
[BlackFideId "24113433"]
[WhiteElo "2228"]
[BlackElo "2242"]
[Result "0-1"]
[Round "07"]
[TimeControl "180+1"]
[Date "2022.04.19"]
[WhiteClock "0:00:01"]
[BlackClock "0:00:07"]

1. d4 d6 2. Nf3 Bg4 3. Nbd2 Nc6 4. g3 e5 5. d5 Nb4 6. c4 c6 7. a3 Qa5 8. Bg2 cxd5 9. O-O Qa6 10. Qb3 Nc6 11. cxd5 Nd8 12. Nc4 Nf6 13. Ne3 Be7 14. Nxg4 Nxg4 15. h3 Nf6 16. Re1 O-O 17. Bd2 b6 18. Rac1 Nb7 19. Qc4 Qxc4 20. Rxc4 Nc5 21. b4 Nb3 22. Be3 Rfc8 23. Rc6 Nxd5 24. Nd2 Nxe3 25. Nxb3 Nxg2 26. Rxc8+ Rxc8 27. Kxg2 Rc3 28. Rb1 d5 29. Kf1 f6 30. Ke1 Kf7 31. Kd2 d4 32. e3 a5 33. bxa5 bxa5 34. exd4 exd4 35. Nxd4 Rxa3 36. Rb7 Ra2+ 37. Ke1 Ra4 38. Nf5 Re4+ 39. Kf1 Re5 40. g4 g6 41. Nd6+ Ke6 42. Nc4 Rc5 43. Rb6+ Kf7 44. Ne3 Rc7 45. Ra6 Bb4 46. Nd5 Rb7 47. Rxf6+ Kg7 48. Ra6 Rb5 49. Nf4 Re5 50. h4 Re4 51. Nd5 Rxg4 52. Ra7+ Kh6 53. Nf6 Rxh4 54. Nxh7 Rc4 55. Nf6 Rc2 56. Ng4+ Kg5 57. Ne3 Ra2 58. Nd5 Rxf2+ 59. Kxf2 Bc5+ 60. Kf3 Bxa7 61. Ke4 Bc5 62. Nc3 Bb4 63. Na4 Kh6 64. Kf3 Kh7 65. Kg4 Kg8 66. Kg5 Kg7 67. Nb6 Kf7 68. Na4 Bd2+ 69. Kg4 Kg7 70. Nb6 Kh6 71. Nc4 Bb4 72. Nb6 g5 73. Na4 Kg6 74. Nb6 Kf6 0-1


[Site "https://www.chess.com"]

[Event "Titled Tuesday Blitz April 19 Early 2022"]
[White "Kaiyrbekov, Rustam"]
[Black "parintele_chess"]
[WhiteFideId "13702424"]
[WhiteElo "2134"]
[BlackElo "2216"]
[Result "0-1"]
[Round "07"]
[TimeControl "180+1"]
[Date "2022.04.19"]
[WhiteClock "0:00:01"]
[BlackClock "0:00:22"]

1. c4 c5 2. Nc3 Nc6 3. Nf3 Nf6 4. d4 cxd4 5. Nxd4 Nxd4 6. Qxd4 d6 7. g3 g6 8. Bg2 Bg7 9. O-O O-O 10. e4 Ng4 11. Qd2 Ne5 12. b3 a6 13. Bb2 Rb8 14. f4 Qb6+ 15. Kh1 Ng4 16. Nd5 Qd8 17. Bxg7 Kxg7 18. h3 Nf6 19. f5 Nxd5 20. cxd5 f6 21. g4 g5 22. h4 h5 23. hxg5 hxg4 24. gxf6+ exf6 25. Qf4 Qb6 26. Qxg4+ Kf7 27. Qh5+ Ke7 28. Rf3 Bd7 29. Rh3 Rf7 30. Qg6 Rbf8 31. Rh7 Rxh7+ 32. Qxh7+ Rf7 33. Qg6 Qf2 34. Rf1 Qh4+ 35. Kg1 Rh7 36. Rf3 Qh2+ 37. Kf2 Bb5 38. Rg3 Qh4 39. Qg8 Qf4+ 40. Rf3 Qd2+ 41. Kg3 Qe1+ 42. Rf2 Rf7 43. Qc8 Rg7+ 44. Kf3 Qd1+ 45. Kf4 Rg4+ 0-1


[Site "https://www.chess.com"]

[Event "Titled Tuesday Blitz April 19 Early 2022"]
[White "Karolczuk, Iwo"]
[Black "Moskalenko, Alexander"]
[WhiteFideId "21816972"]
[BlackFideId "4155351"]
[WhiteElo "2277"]
[BlackElo "2434"]
[Result "0-1"]
[Round "07"]
[TimeControl "180+1"]
[Date "2022.04.19"]
[WhiteClock "0:00:04"]
[BlackClock "0:00:20"]

1. e4 e5 2. Nf3 Nc6 3. Nc3 Nf6 4. Bb5 Bb4 5. O-O O-O 6. Re1 d6 7. h3 Ne7 8. d4 Ng6 9. dxe5 dxe5 10. Qxd8 Rxd8 11. Bd2 c6 12. Bd3 h6 13. a3 Bf8 14. Ne2 Be6 15. Bc3 Nd7 16. Ng3 Nc5 17. Bf1 f6 18. b3 Nf4 19. Nd2 b5 20. Rad1 a5 21. Nb1 Nb7 22. Ne2 Ng6 23. Ng3 Kf7 24. Be2 Nf4 25. Bf3 g6 26. Ne2 Nxe2+ 27. Bxe2 Bc5 28. Kf1 h5 29. Rxd8 Rxd8 30. Rd1 Rh8 31. Bb2 Ke7 32. Nd2 Nd6 33. Bd3 h4 34. Ke2 g5 35. f3 Ra8 36. Nf1 a4 37. b4 Bd4 38. c3 Bb6 39. Bc1 Bb3 40. Re1 Nc4 41. Nd2 c5 42. Nxc4 bxc4 43. Bb1 cxb4 44. cxb4 c3 45. Bd3 Bd4 46. Be3 Kd6 47. Rc1 Rc8 48. Bf2 c2 49. Bxd4 exd4 50. Kd2 Rc3 51. Bb5 Ke5 52. Bd3 Kf4 53. Bxc2 Bxc2 54. Rxc2 Rxa3 55. Rb2 Rb3 56. Rxb3 axb3 57. b5 b2 58. Kc2 d3+ 59. Kxb2 Ke3 60. b6 d2 61. b7 d1=Q 62. b8=Q Qd2+ 63. Kb3 Qxg2 64. Qa7+ Kxf3 65. Qd4 Qxh3 66. Kc4 Kg2 67. Qxf6 Qg4 68. Kd5 h3 69. e5 h2 70. e6 h1=Q 71. e7 Kg1+ 72. Kd6 Qh2+ 73. Kc5 Qc2+ 74. Kd6 Qd3+ 75. Kc6 Qgc4+ 76. Kb6 Qdb3+ 77. Ka7 Qca4+ 0-1


[Site "https://www.chess.com"]

[Event "Titled Tuesday Blitz April 19 Early 2022"]
[White "Khabinets, Ivan"]
[Black "Miszler, Levente"]
[WhiteFideId "14115980"]
[BlackFideId "763276"]
[WhiteElo "2114"]
[BlackElo "1966"]
[Result "1-0"]
[Round "07"]
[TimeControl "180+1"]
[Date "2022.04.19"]
[WhiteClock "0:00:29"]
[BlackClock "0:00:18"]

1. c4 c5 2. Nc3 Nc6 3. Nf3 g6 4. g3 Bg7 5. Bg2 e6 6. e4 Nge7 7. d3 O-O 8. O-O d5 9. exd5 exd5 10. Bf4 a6 11. Re1 dxc4 12. dxc4 Be6 13. Rc1 Bxc4 14. Ne4 Bxa2 15. Nxc5 Qxd1 16. Rcxd1 Nd5 17. Bg5 h6 18. Bc1 b6 19. Nd7 Rfd8 20. Nde5 Nxe5 21. Nxe5 Bb3 22. Rd3 Bxe5 23. Rxe5 Rac8 24. Bxh6 Bc4 25. Rdxd5 Bxd5 26. Bxd5 Rc5 27. Bxf7+ Kxf7 28. Re2 Rd1+ 29. Kg2 Rd7 30. h4 Rb5 31. Bg5 a5 32. g4 Rb3 33. Be3 b5 34. Rc2 a4 35. h5 gxh5 36. gxh5 b4 37. h6 Kg6 38. Rc6+ Kh7 39. Bc1 a3 40. bxa3 bxa3 41. Ra6 Rc7 42. Rxa3 Rxa3 43. Bxa3 Kxh6 44. Bd6 Kg6 45. Bxc7 Kf5 46. Bg3 Kg6 47. Kf3 Kf5 48. Ke3 Kg6 49. f4 Kf7 50. Kf3 Ke7 51. Kg4 Kf7 52. f5 Kf8 53. Bf4 Kf7 54. Kg5 Kf8 55. f6 Kf7 56. Kf5 Kf8 57. Ke6 Kg8 58. f7+ Kf8 59. Bd6+ Kg7 60. f8=Q+ Kh7 61. Qf3 Kg6 62. Qg4+ Kh7 63. Kf7 Kh8 64. Qg8# 1-0


[Site "https://www.chess.com"]

[Event "Titled Tuesday Blitz April 19 Early 2022"]
[White "Khamdamova, Afruza"]
[Black "Murthy, Pappu"]
[WhiteFideId "14210444"]
[BlackFideId "2013401"]
[WhiteElo "1660"]
[BlackElo "1941"]
[Result "1-0"]
[Round "07"]
[TimeControl "180+1"]
[Date "2022.04.19"]
[WhiteClock "0:00:15"]
[BlackClock "0:00:03"]

1. e4 c5 2. Nf3 d6 3. d4 cxd4 4. Nxd4 Nf6 5. Nc3 g6 6. Be3 Bg7 7. f3 O-O 8. Qd2 Nc6 9. Bc4 Nxd4 10. Bxd4 Be6 11. Bxe6 fxe6 12. O-O-O Qa5 13. Kb1 Rac8 14. h4 Nd7 15. Bxg7 Kxg7 16. h5 g5 17. h6+ Kf7 18. f4 gxf4 19. Qxf4+ Nf6 20. g4 Rg8 21. Rh5 Rc5 22. Rxc5 Qxc5 23. Na4 Qg5 24. Qf2 Qxg4 25. Rc1 b6 26. Nc3 Qg2 27. Qd4 Qg5 28. Qa4 a5 29. Qc6 Qc5 30. Qb7 Rg2 31. Na4 Qe3 32. Qxb6 Qxb6 33. Nxb6 Nxe4 34. Nc4 Nd2+ 35. Nxd2 Rxd2 36. Rg1 Rh2 37. Rf1+ Ke8 38. b3 Rxh6 39. Re1 Kd7 40. Kb2 Rh2 41. Kc3 h5 42. Kd3 h4 43. a3 h3 44. Re3 Rh1 45. Kc3 h2 46. Rh3 e5 47. b4 axb4+ 48. axb4 d5 49. b5 e6 50. Rh7+ Kd6 51. b6 Rb1 52. Rxh2 Rxb6 53. Kd3 Rc6 54. Rh6 e4+ 55. Kd2 Rc4 56. c3 1-0


[Site "https://www.chess.com"]

[Event "Titled Tuesday Blitz April 19 Early 2022"]
[White "Kornyukov, Alexey"]
[Black "Omariev, Maksim"]
[WhiteFideId "4150457"]
[BlackFideId "4193423"]
[WhiteElo "2303"]
[BlackElo "2494"]
[Result "1-0"]
[Round "07"]
[TimeControl "180+1"]
[Date "2022.04.19"]
[WhiteClock "0:00:09"]
[BlackClock "0:00:08"]

1. d4 Nf6 2. c4 c5 3. d5 e6 4. Nc3 exd5 5. cxd5 d6 6. e4 g6 7. f3 Bg7 8. Bg5 h6 9. Be3 O-O 10. Qd2 Kh7 11. a4 Na6 12. Bc4 Nb4 13. Nge2 Nd7 14. f4 Re8 15. O-O Nf6 16. Ng3 Ng4 17. e5 Qh4 18. h3 Nxe3 19. Qxe3 Nc2 20. Qd3 Nxa1 21. Nce4 dxe5 22. f5 Bxf5 23. Nxf5 gxf5 24. Rxf5 Kh8 25. Kh2 a6 26. a5 Qd8 27. Rxf7 Rf8 28. d6 Rxf7 29. Bxf7 Qxa5 30. d7 Rd8 31. Be6 Qb6 32. Nd6 Bf6 33. Qg6 Qxd6 34. Qxh6# 1-0


[Site "https://www.chess.com"]

[Event "Titled Tuesday Blitz April 19 Early 2022"]
[White "Kostiukov, Alexandr"]
[Black "Ratnakaran, K."]
[WhiteFideId "14108100"]
[BlackFideId "5005507"]
[WhiteElo "2202"]
[BlackElo "2407"]
[Result "1-0"]
[Round "07"]
[TimeControl "180+1"]
[Date "2022.04.19"]
[WhiteClock "0:00:06"]
[BlackClock "0:01:32"]

1. g3 h5 2. Nf3 Nc6 3. d4 d5 4. c4 dxc4 5. d5 Nb8 6. Nc3 c6 7. e4 e6 8. Bxc4 b5 9. Be2 b4 10. Na4 exd5 11. exd5 Qxd5 12. O-O Nf6 13. Nd4 Bb7 14. Bf3 Qa5 15. Re1+ Be7 16. Qe2 Ng8 17. b3 Kf8 18. Bd2 h4 19. a3 hxg3 20. Bxb4 gxf2+ 21. Qxf2 Bxb4 22. axb4 Qxb4 23. Re4 Qa5 24. Nc5 Nf6 25. Rxa5 Bc8 26. Re1 Nbd7 27. Nxc6 Nb6 28. Rxa7 Rxa7 29. Nxa7 Bh3 30. Ne4 Nbd5 31. Nxf6 Nxf6 32. Qg3 Rh6 33. Qd6+ Kg8 34. Kf2 Be6 35. Nc6 Bxb3 36. Ne7+ Kh8 37. Qd8+ Kh7 38. Qd3+ g6 39. Qxb3 Kg7 40. Nd5 Rxh2+ 41. Kg1 Rh3 42. Qc3 Rxf3 43. Qxf3 Nh5 44. Re7 1-0


[Site "https://www.chess.com"]

[Event "Titled Tuesday Blitz April 19 Early 2022"]
[White "Kotepalli, Sai Nirupama"]
[Black "Bashirli, Saadat"]
[WhiteFideId "5039444"]
[BlackFideId "13429990"]
[WhiteElo "2407"]
[BlackElo "1173"]
[Result "1/2-1/2"]
[Round "07"]
[TimeControl "180+1"]
[Date "2022.04.19"]
[WhiteClock "0:00:02"]
[BlackClock "0:00:08"]

1. e4 c5 2. Nf3 g6 3. d3 Bg7 4. g3 e6 5. Bg2 Ne7 6. O-O O-O 7. c3 Nbc6 8. Be3 d6 9. d4 cxd4 10. cxd4 d5 11. e5 Nf5 12. Nc3 Qb6 13. Qd2 Na5 14. b3 Bd7 15. Bg5 Rac8 16. Rac1 h6 17. Bf4 Nc6 18. Rfd1 g5 19. Be3 f6 20. Na4 Qd8 21. exf6 Bxf6 22. h4 Nxe3 23. Qxe3 gxh4 24. Qxh6 hxg3 25. fxg3 Qe7 26. Nc5 Rf7 27. Qe3 Nxd4 28. Rxd4 Bxd4 29. Qxd4 b6 30. Nd3 Rxc1+ 31. Nxc1 Qc5 32. Qxc5 bxc5 33. Nd3 c4 34. bxc4 dxc4 35. Nde5 Re7 36. Nxc4 Bc6 37. Nce5 Bd5 38. a3 Rc7 39. Nd4 Rc1+ 40. Kf2 Ra1 41. Bh3 Rxa3 42. Nxe6 Bxe6 43. Bxe6+ Kg7 44. Nc6 Ra1 45. Bd5 a5 46. Nd4 a4 47. Ne2 a3 48. Nc3 Rc1 49. Na2 Rc2+ 50. Ke3 Rb2 51. Kd4 Kg6 52. Kc3 Kg5 53. Be6 Re2 54. Bc4 Rb2 55. Nb4 Kg4 56. Nc2 Kxg3 57. Nxa3 Rf2 58. Nb5 Rf5 59. Nd6 Rc5 60. Ne4+ Kg4 61. Nxc5 Kf4 62. Kd4 Kf3 63. Ne6 Kg4 64. Ke4 Kg3 65. Ke3 Kg4 66. Bd3 Kg3 67. Be4 Kg4 68. Nd4 Kg5 69. Bf5 Kf6 70. Kf4 Ke7 71. Ke5 Kd8 72. Kd6 Ke8 73. Bg6+ Kf8 74. Ne6+ Kg8 75. Bf5 Kh8 76. Ke7 Kg8 77. Kf6 Kh8 78. Ng5 Kg8 79. Be4 Kh8 80. Bd3 Kg8 81. Ne6 Kh8 82. Nd8 Kg8 83. Ne6 Kh8 84. Ng5 Kg8 85. Bc4+ Kh8 86. Nf7+ Kg8 87. Ng5+ Kh8 88. Bd3 1/2-1/2


[Site "https://www.chess.com"]

[Event "Titled Tuesday Blitz April 19 Early 2022"]
[White "Krsnik Cohar, Ivan Vihor"]
[Black "Sanal, Vahap"]
[WhiteFideId "14520044"]
[BlackFideId "6300545"]
[WhiteElo "2414"]
[BlackElo "2603"]
[Result "1-0"]
[Round "07"]
[TimeControl "180+1"]
[Date "2022.04.19"]
[WhiteClock "0:00:22"]
[BlackClock "0:00:03"]

1. d4 d5 2. Bg5 Nf6 3. Nd2 Nbd7 4. Ngf3 e6 5. c3 Be7 6. e3 b6 7. Bd3 Bb7 8. O-O h6 9. Bh4 c5 10. Qe2 O-O 11. Ne5 Nxe5 12. dxe5 Ne4 13. Bg3 Nxg3 14. hxg3 f5 15. exf6 Bxf6 16. Qg4 e5 17. Rad1 Qe8 18. Bg6 Qe7 19. e4 d4 20. Bf5 Qe8 21. Nc4 Rd8 22. Bg6 Qe7 23. Bf5 Qe8 24. f4 h5 25. Qh3 exf4 26. e5 Bg5 27. gxf4 Bh6 28. Nd6 Rxd6 29. exd6 Qc6 30. d7 Qd6 31. cxd4 cxd4 32. Qxh5 Qd5 33. Qg6 Rxf5 34. d8=Q+ Qxd8 35. Qxf5 Kh8 36. Rd3 Qe7 37. Qe5 Qh4 38. Qxd4 Qg4 39. Rf2 Bc8 40. f5 Bxf5 41. Qxg4 Bxg4 42. Kf1 Kh7 43. g3 Be6 44. b3 Bc8 45. Kg2 Bb7+ 46. Kh2 Be4 47. Rd7 a5 48. Rff7 b5 49. Ra7 Bd2 50. Rxg7+ Kh6 51. Rgd7 Bc1 52. Rxa5 Kg5 53. Rxb5+ Kg4 54. Rb4 Kf3 55. Rxe4 Kxe4 56. b4 Be3 57. b5 Kf5 58. a4 Kg4 59. Rd3 Bc5 60. a5 Be7 61. b6 1-0


[Site "https://www.chess.com"]

[Event "Titled Tuesday Blitz April 19 Early 2022"]
[White "Le Ruyet, Leopold"]
[Black "Barbashin, Igor"]
[WhiteFideId "645923"]
[BlackFideId "4155718"]
[WhiteElo "2276"]
[BlackElo "2138"]
[Result "0-1"]
[Round "07"]
[TimeControl "180+1"]
[Date "2022.04.19"]
[WhiteClock "0:00:03"]
[BlackClock "0:01:34"]

1. e4 d5 2. exd5 Nf6 3. d4 Nxd5 4. c4 Nb6 5. Nc3 e5 6. Nf3 exd4 7. Qxd4 Qe7+ 8. Be3 Nc6 9. Qd2 Be6 10. Nd5 Bxd5 11. cxd5 O-O-O 12. dxc6 Rxd2 13. cxb7+ Kxb7 14. Kxd2 Qb4+ 15. Kc2 Bc5 16. a3 Qe4+ 17. Bd3 Qc6 18. Kd2 Bxe3+ 19. fxe3 Rd8 20. Ke2 Nd5 21. Rac1 Qe6 22. Rhd1 Nf4+ 0-1


[Site "https://www.chess.com"]

[Event "Titled Tuesday Blitz April 19 Early 2022"]
[White "Legenia, Artem"]
[Black "Swicarz, Maciej"]
[WhiteFideId "14136945"]
[BlackFideId "1113585"]
[WhiteElo "1936"]
[BlackElo "2057"]
[Result "0-1"]
[Round "07"]
[TimeControl "180+1"]
[Date "2022.04.19"]
[WhiteClock "0:00:35"]
[BlackClock "0:01:03"]

1. Nf3 c5 2. d3 Nc6 3. g3 g6 4. Bg2 Bg7 5. O-O e6 6. e4 Nge7 7. Nbd2 Rb8 8. Re1 b5 9. Nf1 b4 10. h4 d6 11. N1h2 h5 12. Nf1 a5 13. Ne3 a4 14. Rb1 Qc7 15. Nc4 Ba6 16. b3 a3 17. Be3 e5 18. Bd2 Nd8 19. c3 bxc3 20. Bxc3 Ne6 21. Ne3 O-O 22. Rc1 Qb7 23. Nc4 Bxc4 24. dxc4 Rfd8 25. Ba5 Rd7 26. Bh3 Nc6 27. Bc3 Bh6 28. Rc2 Rbd8 29. Qd5 Re7 30. Qd3 Qc7 31. Rd1 Ned4 32. Bxd4 exd4 33. Ne1 Nb4 34. Qf3 Nxc2 35. Nxc2 Rde8 36. Re1 Qa5 37. b4 cxb4 38. Nxd4 b3 39. Nc6 Qxe1+ 0-1


[Site "https://www.chess.com"]

[Event "Titled Tuesday Blitz April 19 Early 2022"]
[White "Lehtosaari, Mauri"]
[Black "Avazkhonov, Alikhon"]
[WhiteFideId "501999"]
[BlackFideId "14208504"]
[WhiteElo "2538"]
[BlackElo "1739"]
[Result "0-1"]
[Round "07"]
[TimeControl "180+1"]
[Date "2022.04.19"]
[WhiteClock "0:00:03"]
[BlackClock "0:00:04"]

1. d4 d5 2. Nf3 c6 3. Bg5 h6 4. Bh4 Nf6 5. Nbd2 Bf5 6. e3 e6 7. c4 Be7 8. Qb3 Na6 9. c5 b5 10. a4 Qa5 11. Bxb5 cxb5 12. Qxb5+ Qxb5 13. axb5 Nb4 14. O-O Bd3 15. Rfc1 Bxb5 16. b3 O-O 17. Ne5 Rfc8 18. Ra5 a6 19. Rca1 Bd8 20. R5a2 Nc2 21. Rxc2 a5 22. Bg3 Nh5 23. h3 Nxg3 24. fxg3 Bg5 25. Kf2 f6 26. Nef3 h5 27. Rca2 a4 28. bxa4 Bd3 29. a5 Rcb8 30. a6 Ra7 0-1


[Site "https://www.chess.com"]

[Event "Titled Tuesday Blitz April 19 Early 2022"]
[White "Ljukin, Sergei"]
[Black "Kosteniuk, Alexandra"]
[WhiteFideId "14102200"]
[BlackFideId "4128125"]
[WhiteElo "2312"]
[BlackElo "2469"]
[Result "0-1"]
[Round "07"]
[TimeControl "180+1"]
[Date "2022.04.19"]
[WhiteClock "0:00:01"]
[BlackClock "0:00:35"]

1. e4 c6 2. d4 d5 3. e5 c5 4. Nf3 Bg4 5. dxc5 e6 6. Be3 Nd7 7. h3 Bxf3 8. Qxf3 Nxe5 9. Qg3 Nc6 10. c3 Nf6 11. Bd3 Nd7 12. b4 g6 13. Na3 a6 14. O-O Bg7 15. Rac1 O-O 16. f4 d4 17. cxd4 Nxb4 18. Be4 Nd5 19. Bxd5 exd5 20. Rb1 b5 21. f5 Nf6 22. Nc2 Ne4 23. Qf4 Re8 24. Bf2 Nc3 25. Rbe1 Ne2+ 26. Rxe2 Rxe2 27. Ne3 g5 28. Qf3 Rxa2 29. Nxd5 Rxf2 30. Rxf2 Bxd4 31. f6 Bxc5 32. Qf5 Kh8 33. Qxg5 Qg8 34. Qe5 Qg6 35. Ne3 Bxe3 36. Qxe3 Rg8 37. Qb6 Qb1+ 38. Kh2 Qa1 39. Qb7 Qe5+ 40. Kg1 Qe1+ 41. Kh2 Qxf2 42. Qxf7 Qxg2# 0-1


[Site "https://www.chess.com"]

[Event "Titled Tuesday Blitz April 19 Early 2022"]
[White "Lopez, Henry"]
[Black "Sailer, Mike"]
[WhiteFideId "5203830"]
[BlackFideId "2012901"]
[WhiteElo "2177"]
[BlackElo "2109"]
[Result "1-0"]
[Round "07"]
[TimeControl "180+1"]
[Date "2022.04.19"]
[WhiteClock "0:00:06"]
[BlackClock "0:00:02"]

1. d4 d5 2. Nf3 Bf5 3. c4 e6 4. Nc3 Nc6 5. Bf4 Nf6 6. e3 Bb4 7. Qb3 O-O 8. Rc1 a5 9. a3 a4 10. Qa2 Bxc3+ 11. bxc3 Na5 12. Ne5 Nb3 13. Rd1 Ne4 14. Qb2 c6 15. f3 Nd6 16. c5 Nc8 17. g4 Bg6 18. Bg2 f6 19. Nxg6 hxg6 20. O-O b6 21. Qc2 Kf7 22. cxb6 Nxb6 23. e4 Nc4 24. Rfe1 Nxa3 25. Qd3 Nc4 26. Qe2 a3 27. Qa2 Qb6 28. Bg3 e5 29. Bf2 exd4 30. cxd4 Rfb8 31. f4 Qb4 32. exd5 cxd5 33. Bxd5+ Kf8 34. Qe2 Re8 35. Qxc4 Qxc4 36. Bxc4 Rxe1+ 37. Rxe1 a2 38. Bxb3 a1=Q 39. Rxa1 Rxa1+ 40. Kg2 Ke7 41. f5 g5 42. Be6 Kd6 43. Bg3+ Ke7 44. h4 Ra2+ 45. Kh3 gxh4 46. Bxa2 hxg3 47. Kxg3 1-0


[Site "https://www.chess.com"]

[Event "Titled Tuesday Blitz April 19 Early 2022"]
[White "Lou, Yiping"]
[Black "Gabdrakhmanov, Azat"]
[WhiteFideId "8603928"]
[BlackFideId "34189197"]
[WhiteElo "2412"]
[BlackElo "2279"]
[Result "0-1"]
[Round "07"]
[TimeControl "180+1"]
[Date "2022.04.19"]
[WhiteClock "0:00:02"]
[BlackClock "0:00:18"]

1. c4 Nf6 2. Nc3 c5 3. Nf3 e6 4. g3 b6 5. Bg2 Bb7 6. O-O Be7 7. d4 cxd4 8. Qxd4 O-O 9. Rd1 Qc8 10. Bf4 Na6 11. Rac1 Nc5 12. Bd6 Bxd6 13. Qxd6 Rd8 14. b4 Nce4 15. Nxe4 Nxe4 16. Qf4 d6 17. Ne1 e5 18. Qe3 Nf6 19. a4 Bxg2 20. Nxg2 Qc6 21. Qb3 Rac8 22. Ne3 h6 23. f3 Rd7 24. Rc2 e4 25. f4 a5 26. bxa5 bxa5 27. Qb5 Qa8 28. Rb2 h5 29. Kf2 Rdd8 30. Qb7 Qxb7 31. Rxb7 Ng4+ 32. Nxg4 hxg4 33. Rb5 Rxc4 34. Rxa5 Rc3 35. Rad5 e3+ 36. Kf1 Ra8 37. a5 Ra3 38. Rxd6 R8xa5 39. R1d3 Ra1+ 40. Kg2 Re1 41. Rxe3 Raa1 42. Re8+ Kh7 43. Re7 Rg1+ 44. Kf2 Rh1 45. Rxf7 Rxh2+ 46. Ke3 Ra2 47. Ke4 Raxe2+ 48. Kf5 Rh6 49. Rxh6+ Kxh6 50. Kxg4 Re6 51. Ra7 Rb6 52. Ra5 Rc6 53. Kh4 Kg6 54. g4 Kh6 55. g5+ Kg6 56. f5+ Kh7 57. Ra7 Rc1 58. f6 Rh1+ 59. Kg4 Rg1+ 60. Kf5 Rf1+ 61. Ke4 Re1+ 62. Kf3 Rf1+ 63. Kg2 Rf5 64. Rxg7+ Kh8 0-1


[Site "https://www.chess.com"]

[Event "Titled Tuesday Blitz April 19 Early 2022"]
[White "Makarian, Rudik"]
[Black "Kozak, Antoni"]
[WhiteFideId "44105681"]
[BlackFideId "21832030"]
[WhiteElo "2388"]
[BlackElo "2236"]
[Result "1-0"]
[Round "07"]
[TimeControl "180+1"]
[Date "2022.04.19"]
[WhiteClock "0:00:54"]
[BlackClock "0:00:01"]

1. c4 e6 2. Nf3 d5 3. b3 Nf6 4. e3 b6 5. Bb2 Bb7 6. cxd5 exd5 7. Nc3 a6 8. Ne2 Bd6 9. Nf4 Nbd7 10. d4 Qe7 11. Bd3 Bxf4 12. O-O Bd6 13. a3 O-O 14. b4 Ne4 15. Rc1 f5 16. Qb3 Kh8 17. Rc2 Rae8 18. Rfc1 Rc8 19. Qa4 b5 20. Qb3 Nb6 21. Ne5 Nc4 22. f4 g5 23. Re2 Qe6 24. Qc2 Rg8 25. Rf1 Rg7 26. Bxe4 fxe4 27. f5 Qf6 28. Ng4 Qf8 29. f6 Rg6 30. Ref2 h5 31. Ne5 Bxe5 32. dxe5 Nxe3 33. Qc3 Nxf1 34. e6 e3 35. Rxf1 Kh7 36. Qxe3 Re8 37. e7 Qf7 38. Bd4 Bc8 39. Qe5 Bd7 40. Qxc7 Bg4 41. h3 Be6 42. Qe5 h4 43. Re1 Bc8 44. Kh2 g4 45. hxg4 Rxg4 46. Rf1 Qg6 47. Rf2 Qf7 48. Rf4 Rxf4 49. Qxf4 Kg6 50. Kg1 Bf5 51. Qxh4 Qe6 52. Qg3+ Kh5 53. Qf4 Qe5 54. Bxe5 1-0


[Site "https://www.chess.com"]

[Event "Titled Tuesday Blitz April 19 Early 2022"]
[White "Mangialardo, Tiago Carvalho"]
[Black "Krylov, Ivan"]
[WhiteFideId "2130718"]
[BlackFideId "24128066"]
[WhiteElo "2040"]
[BlackElo "2258"]
[Result "1-0"]
[Round "07"]
[TimeControl "180+1"]
[Date "2022.04.19"]
[WhiteClock "0:00:02"]
[BlackClock "0:00:05"]

1. e4 c6 2. c4 d5 3. exd5 cxd5 4. cxd5 Nf6 5. Bb5+ Nbd7 6. Nc3 a6 7. Ba4 b5 8. Bb3 Nb6 9. Nf3 Bb7 10. O-O Nbxd5 11. d4 e6 12. Bg5 Be7 13. Ne5 O-O 14. Qe2 Rc8 15. Rac1 h6 16. Nxd5 Bxd5 17. Rxc8 Qxc8 18. Rc1 Qb7 19. Bxd5 Qxd5 20. Nc6 Bd8 21. Bh4 Qxa2 22. h3 Qd5 23. Rc5 Qd6 24. Bg3 Qd7 25. Ne5 Qxd4 26. Rc6 Ne4 27. Bf4 Bf6 28. Nf3 Qd5 29. Rxa6 g5 30. Be3 Be7 31. Rb6 Rc8 32. Rxb5 Qd7 33. h4 gxh4 34. Nxh4 Bxh4 35. Bxh6 Bf6 36. Qg4+ Kh7 37. Rh5 Re8 38. Bf4# 1-0


[Site "https://www.chess.com"]